[Event "Titled Tuesday Blitz June 27 Late 2023"]
[White "Hoffmann, Asa"]
[Black "Cluke86"]
[WhiteFideId "2001470"]
[WhiteElo "2415"]
[BlackElo "2255"]
[Result "1-0"]
[Round "5"]
[TimeControl "180+2"]
[Date "2023.06.27"]
[WhiteClock "0:00:43"]
[BlackClock "0:00:25"]
[Board "141"]

1. d4 d6 2. e4 Nf6 3. f3 e5 4. Nc3 Nbd7 5. Bc4 c6 6. Nge2 b5 7. Bb3 a6 8. a4 Bb7 9. Be3 exd4 10. Nxd4 c5 11. Nf5 c4 12. Ba2 b4 13. Ne2 Qc7 14. Qd4 g6 15. Nh6 Rc8 16. Rd1 Ne5 17. O-O Be7 18. Nf4 Kf8 19. Nd5 Bxd5 20. exd5 Kg7 21. f4 Ned7 22. f5 Qc5 23. Ng4 Qxd4 24. Bxd4 h5 25. Ne3 g5 26. Bxc4 Ne5 27. Bxa6 Ra8 28. Bb5 Ne4 29. Bxe5+ dxe5 30. d6 Nxd6 31. f6+ Bxf6 32. Rxd6 Be7 33. Rd7 Bc5 34. Rfxf7+ Kg6 35. Bd3+ Kh6 36. Rh7+ Rxh7 37. Rxh7# 1-0


[Site "https://www.chess.com"]

[Event "Titled Tuesday Blitz June 27 Late 2023"]
[White "Nunez V, Gustavo Eduardo"]
[Black "Luxama, Jacques Muller"]
[WhiteFideId "4403690"]
[BlackFideId "11900113"]
[WhiteElo "2412"]
[BlackElo "2233"]
[Result "1-0"]
[Round "5"]
[TimeControl "180+2"]
[Date "2023.06.27"]
[WhiteClock "0:01:21"]
[BlackClock "0:00:00"]
[Board "142"]

1. e4 c5 2. Nc3 Nc6 3. g3 g6 4. Bg2 Bg7 5. d3 h5 6. h3 d6 7. Be3 e5 8. Qd2 f5 9. Nd5 Nge7 10. Bg5 Be6 11. exf5 Bxd5 12. Bxd5 gxf5 13. Nf3 Qd7 14. Bb3 O-O-O 15. O-O-O Kb8 16. Nh4 d5 17. f4 e4 18. dxe4 fxe4 19. f5 Be5 20. f6 Nf5 21. Nxf5 Qxf5 22. Rhf1 Qg6 23. h4 c4 24. Ba4 1-0


[Site "https://www.chess.com"]

[Event "Titled Tuesday Blitz June 27 Late 2023"]
[White "Broca Jimenez, Fernando"]
[Black "KorolDimitriy75"]
[WhiteFideId "5104742"]
[WhiteElo "2230"]
[BlackElo "2411"]
[Result "0-1"]
[Round "5"]
[TimeControl "180+2"]
[Date "2023.06.27"]
[WhiteClock "0:00:05"]
[BlackClock "0:00:19"]
[Board "143"]

1. Nf3 c5 2. b3 Nc6 3. Bb2 d6 4. d4 cxd4 5. Nxd4 Bd7 6. e4 Nf6 7. Nd2 g6 8. Be2 Bg7 9. O-O O-O 10. Bf3 Rc8 11. c4 Nxd4 12. Bxd4 a5 13. Rc1 Bc6 14. Qe2 Nd7 15. Bxg7 Kxg7 16. Nb1 Qb6 17. Nc3 Rfe8 18. Rfe1 Qb4 19. Qb2 Ne5 20. Be2 f6 21. f4 Nd7 22. Bf3 a4 23. Rcd1 Nc5 24. Nd5 Bxd5 25. exd5 Nd3 26. Qb1 Qc5+ 27. Kh1 Nf2+ 0-1


[Site "https://www.chess.com"]

[Event "Titled Tuesday Blitz June 27 Late 2023"]
[White "Vega Gutierrez, Sabrina"]
[Black "Ng, Matthew K"]
[WhiteFideId "2219026"]
[BlackFideId "2094371"]
[WhiteElo "2403"]
[BlackElo "2192"]
[Result "1-0"]
[Round "5"]
[TimeControl "180+2"]
[Date "2023.06.27"]
[WhiteClock "0:00:05"]
[BlackClock "0:00:00"]
[Board "144"]

1. e4 g6 2. d4 Bg7 3. Nc3 c5 4. Nf3 cxd4 5. Nxd4 Nc6 6. Be3 d6 7. Qd2 Nf6 8. f3 Bd7 9. O-O-O Qa5 10. Kb1 O-O 11. h4 h5 12. Be2 Rfc8 13. g4 hxg4 14. h5 gxh5 15. Nb3 Qd8 16. Bh6 Qf8 17. Bxg7 Qxg7 18. Nd5 Nxd5 19. exd5 Ne5 20. Rxh5 gxf3 21. Rg5 Ng6 22. Bd3 Bh3 23. Qf2 Qf6 24. Qg3 Kg7 25. Rxg6+ fxg6 26. Qxh3 Rh8 27. Qg4 1-0


[Site "https://www.chess.com"]

[Event "Titled Tuesday Blitz June 27 Late 2023"]
[White "campochess"]
[Black "Szyszylo, Rafal"]
[BlackFideId "1109626"]
[WhiteElo "2166"]
[BlackElo "2401"]
[Result "0-1"]
[Round "5"]
[TimeControl "180+2"]
[Date "2023.06.27"]
[WhiteClock "0:00:00"]
[BlackClock "0:00:28"]
[Board "145"]

1. Nf3 d6 2. d4 g6 3. g3 Nf6 4. Bg2 Bg7 5. O-O O-O 6. c4 c6 7. Nc3 Qb6 8. a4 a5 9. Ra3 Na6 10. Rb3 Qc7 11. e4 Bg4 12. h3 Bxf3 13. Qxf3 Nb4 14. Ne2 e5 15. dxe5 dxe5 16. Bg5 Nd7 17. Qe3 Qd6 18. Qd2 Qxd2 19. Bxd2 Nc5 20. Re3 Nxa4 21. Bxb4 axb4 22. Rb3 c5 23. Rd1 Nb6 24. Rc1 Rfd8 25. Kh2 Rd2 26. Bf3 Ra2 27. Rb1 Na4 28. Nc1 Raxb2 29. R1xb2 Rxb2 30. Rxb2 Nxb2 31. Nb3 b6 32. Be2 Bh6 33. Kg2 Kf8 34. Kf3 Ke7 35. Kg4 Ke6 36. f4 f5+ 37. Kf3 Na4 38. exf5+ gxf5 39. fxe5 Kxe5 40. Bd3 Nc3 41. g4 fxg4+ 42. Kxg4 Na4 43. Bxh7 Nb2 44. Bg8 Ke4 45. Kh5 Be3 46. h4 Kd3 47. Kg6 Nxc4 48. h5 Ne5+ 49. Kf5 Nc6 50. Na1 Kc3 51. Ke4 Bc1 52. Kd5 Na5 53. Kd6 Bb2 54. Nb3 Nxb3 55. h6 Nd4 56. h7 Nf5+ 57. Kc6 Kd3 58. Kxb6 c4 59. Kb5 c3 60. Kxb4 c2 0-1


[Site "https://www.chess.com"]

[Event "Titled Tuesday Blitz June 27 Late 2023"]
[White "Bueno, Alfeu Junior Varela"]
[Black "Petersson, Kjell"]
[WhiteFideId "2108879"]
[BlackFideId "1705148"]
[WhiteElo "2395"]
[BlackElo "2134"]
[Result "1/2-1/2"]
[Round "5"]
[TimeControl "180+2"]
[Date "2023.06.27"]
[WhiteClock "0:00:09"]
[BlackClock "0:00:28"]
[Board "146"]

1. e4 c5 2. Nc3 g6 3. f4 Bg7 4. Nf3 Nc6 5. Bb5 a6 6. Bxc6 bxc6 7. d3 d6 8. O-O e6 9. e5 d5 10. Na4 Qa5 11. c4 Ne7 12. b3 Nf5 13. Ba3 Ne3 14. Qe1 Qxe1 15. Rfxe1 Nc2 16. Bxc5 Kd8 17. Nb6 Rb8 18. Nd4 Nxe1 19. Rxe1 Bd7 20. a4 Bf8 21. Bxf8 Rxf8 22. c5 Kc7 23. a5 Rbe8 24. Re3 f6 25. g3 fxe5 26. Rxe5 Rg8 27. Nf3 h6 28. Kf2 Ref8 29. Nd4 g5 30. Kf3 gxf4 31. gxf4 Rf6 32. Ne2 Rgf8 33. Ke3 Rf5 34. Ng3 Rxe5+ 35. fxe5 Rg8 36. Nh5 Rg5 37. Nf6 Rxe5+ 38. Kd4 Re1 39. Nbxd7 Rf1 40. Ke5 Re1+ 41. Kd4 Rf1 42. Ke5 Re1+ 43. Kd4 1/2-1/2


[Site "https://www.chess.com"]

[Event "Titled Tuesday Blitz June 27 Late 2023"]
[White "Ricaurte Lopez, Juan Carlos"]
[Black "Romero Ruscalleda, Josep"]
[WhiteFideId "3600327"]
[BlackFideId "2231859"]
[WhiteElo "2118"]
[BlackElo "2387"]
[Result "0-1"]
[Round "5"]
[TimeControl "180+2"]
[Date "2023.06.27"]
[WhiteClock "0:00:00"]
[BlackClock "0:00:33"]
[Board "147"]

1. e4 g6 2. d4 Bg7 3. Nc3 d6 4. Be3 a6 5. Qd2 b5 6. f4 Bb7 7. Bd3 Nf6 8. a3 Ng4 9. Nf3 Nxe3 10. Qxe3 Nd7 11. e5 e6 12. O-O-O O-O 13. h4 c5 14. dxc5 Bxf3 15. Qxf3 dxe5 16. Be4 Rc8 17. c6 exf4 18. Rxd7 Qa5 19. h5 b4 20. Nb1 Qe5 21. c3 bxc3 22. Nxc3 Rfd8 23. hxg6 hxg6 24. Rhd1 Re8 25. Qd3 f5 26. Bf3 Bf6 27. Qxa6 g5 28. Qb7 Qe3+ 29. Kc2 g4 30. Rf7 Qe5 31. Be2 Rb8 32. Bc4 Rxb7 33. Rxb7 Rc8 34. Rdd7 Rxc6 0-1


[Site "https://www.chess.com"]

[Event "Titled Tuesday Blitz June 27 Late 2023"]
[White "Yolosz"]
[Black "Torres Dominguez, David"]
[BlackFideId "2220857"]
[WhiteElo "2377"]
[BlackElo "2106"]
[Result "1-0"]
[Round "5"]
[TimeControl "180+2"]
[Date "2023.06.27"]
[WhiteClock "0:00:43"]
[BlackClock "0:00:00"]
[Board "148"]

1. d4 e5 2. dxe5 d6 3. Nf3 Bg4 4. e4 Nc6 5. Be2 dxe5 6. c3 Qxd1+ 7. Bxd1 Nf6 8. Bc2 Bxf3 9. gxf3 Nh5 10. Ke2 Ne7 11. Be3 Ng6 12. Rd1 Bd6 13. Nd2 O-O-O 14. Nc4 Be7 15. Bb3 f6 16. Na5 Nhf4+ 17. Kf1 Rxd1+ 18. Rxd1 Rd8 19. Rxd8+ Bxd8 20. Bc4 c6 21. b4 b6 22. Nxc6 Be7 23. Nxa7+ Kb7 24. Nb5 Nh4 25. Be2 Ne6 26. Na3 g5 27. Nc4 Bd8 28. a4 Ng6 29. Nd6+ Kc6 30. Nc4 Ngf8 31. b5+ Kb7 32. Nd6+ Kc7 33. Nc4 Nd7 34. Kg2 Ndc5 35. Bd1 Kb7 36. Kh3 Be7 37. Kg4 Ng7 38. h4 h5+ 39. Kh3 gxh4 40. Bc2 Nce6 41. Nxb6 1-0


[Site "https://www.chess.com"]

[Event "Titled Tuesday Blitz June 27 Late 2023"]
[White "BenchGM"]
[Black "Aqib Javaid Butt"]
[BlackFideId "7801262"]
[WhiteElo "2374"]
[BlackElo "2031"]
[Result "1-0"]
[Round "5"]
[TimeControl "180+2"]
[Date "2023.06.27"]
[WhiteClock "0:00:43"]
[BlackClock "0:00:58"]
[Board "149"]

1. e4 c6 2. d4 d5 3. e5 Bf5 4. h4 h5 5. Bd3 Bxd3 6. Qxd3 e6 7. Bg5 Qa5+ 8. Nd2 Qa6 9. c4 Nd7 10. Ngf3 Bb4 11. O-O Nh6 12. a3 Bxd2 13. Nxd2 Nf5 14. g3 Nb6 15. Rac1 Nxc4 16. Nxc4 dxc4 17. Qxc4 Qxc4 18. Rxc4 a5 19. Rfc1 O-O 20. a4 Ra6 21. b4 axb4 22. Rxb4 Rfa8 23. Be3 Rxa4 24. Rxb7 Nxd4 25. Bxd4 Rxd4 26. Rxc6 Ra1+ 27. Kg2 Ra8 28. Rcc7 Rf8 29. Kf3 Rdd8 30. Kf4 Rc8 31. Rd7 Rb8 32. Kg5 Rxb7 33. Rxb7 g6 34. Kf6 g5 35. hxg5 h4 36. gxh4 Kh8 37. Rxf7 Rg8 38. h5 Ra8 39. Kg6 Rg8+ 40. Kh6 Re8 41. g6 Rc8 42. g7+ Kg8 43. Rf8+ Rxf8 44. gxf8=Q+ Kxf8 1-0


[Site "https://www.chess.com"]

[Event "Titled Tuesday Blitz June 27 Late 2023"]
[White "Inepton_Fermion"]
[Black "Dmitriev, Sergey"]
[BlackFideId "14101785"]
[WhiteElo "2369"]
[BlackElo "1949"]
[Result "1-0"]
[Round "5"]
[TimeControl "180+2"]
[Date "2023.06.27"]
[WhiteClock "0:00:10"]
[BlackClock "0:00:14"]
[Board "150"]

1. d4 d6 2. Nc3 g6 3. e4 Bg7 4. f3 Nf6 5. Be3 O-O 6. Qd2 Nc6 7. O-O-O e5 8. Nge2 a6 9. d5 Ne7 10. Bh6 Ne8 11. h4 f5 12. Bxg7 Nxg7 13. f4 exf4 14. Nxf4 fxe4 15. Nxe4 Nef5 16. g4 Nxh4 17. g5 Nf3 18. Qe3 Nxg5 19. Nxg6 hxg6 20. Nxg5 Bg4 21. Ne6 Qf6 22. Qh6 Bh5 23. Nxf8 Rxf8 24. Bd3 Qf4+ 25. Qxf4 Rxf4 26. Rdf1 Rf7 27. Rxf7 Kxf7 28. Rf1+ Kg8 29. Re1 Kf8 30. Be2 Kf7 31. Bxh5 Nxh5 32. c4 Nf6 33. Kd2 Kg7 34. Ke3 Ng4+ 35. Kd4 Ne5 36. Rf1 b6 37. b4 a5 38. a3 axb4 39. axb4 g5 40. c5 Kg6 41. cxb6 cxb6 42. Rc1 g4 43. Rc6 Kf5 44. Rxd6 g3 45. Rd8 g2 46. Rf8+ Kg4 47. Rg8+ Kf3 48. Kxe5 Kf2 49. Rxg2+ Kxg2 50. d6 Kf3 51. d7 Ke3 52. d8=Q Ke2 53. Qxb6 Ke1 54. Qe3+ Kd1 55. Qf2 Kc1 56. Kd4 Kb1 57. Kc3 Ka1 58. Qb2# 1-0


[Site "https://www.chess.com"]

[Event "Titled Tuesday Blitz June 27 Late 2023"]
[White "Burke, Paul"]
[Black "Sokolov, Andrei"]
[WhiteFideId "2605767"]
[BlackFideId "11600306"]
[WhiteElo "1936"]
[BlackElo "2369"]
[Result "1/2-1/2"]
[Round "5"]
[TimeControl "180+2"]
[Date "2023.06.27"]
[WhiteClock "0:01:12"]
[BlackClock "0:00:18"]
[Board "151"]

1. e4 c6 2. d4 d5 3. exd5 cxd5 4. c4 Nf6 5. Nc3 e6 6. Nf3 Be7 7. Be2 O-O 8. O-O Nc6 9. c5 b6 10. Bb5 Bb7 11. Bxc6 Bxc6 12. b4 a5 13. b5 Be8 14. c6 Bb4 15. Bd2 a4 16. Nxa4 Bxd2 17. Nxd2 Ra5 18. Nc3 Ra3 19. Nb3 Qd6 20. Nb1 Ra4 21. Nc3 Rc4 22. Ne2 Ne4 23. Rc1 Ra4 24. f3 Nf6 25. Nc3 Rc4 26. Ne2 Ra4 27. Nc3 Rc4 28. Ne2 Ra4 1/2-1/2


[Site "https://www.chess.com"]

[Event "Titled Tuesday Blitz June 27 Late 2023"]
[White "whiteglovethief"]
[Black "Kohler, Aran"]
[BlackFideId "1002856"]
[WhiteElo "2446"]
[BlackElo "2255"]
[Result "1-0"]
[Round "5"]
[TimeControl "180+2"]
[Date "2023.06.27"]
[WhiteClock "0:01:29"]
[BlackClock "0:00:00"]
[Board "153"]

1. d4 Nf6 2. c4 e6 3. Nf3 d5 4. g3 c6 5. Bg2 Nbd7 6. O-O Ne4 7. Nc3 f5 8. Qc2 Bd6 9. Rb1 O-O 10. b4 Ndf6 11. b5 dxc4 12. bxc6 bxc6 13. Ne5 Bxe5 14. dxe5 Nxc3 15. Qxc3 Nd5 16. Qxc4 Qc7 17. Ba3 Rd8 18. Bd6 Rxd6 19. exd6 Qxd6 20. Rfc1 Bd7 21. e4 fxe4 22. Bxe4 Rf8 23. Rb7 Nf6 24. Bxc6 Rc8 25. Qb4 Qxb4 26. Rxb4 Rxc6 27. Rxc6 Bxc6 28. Rb8+ Kf7 29. Rc8 Bd5 30. Rc7+ Kg6 31. Rxa7 Ne4 32. a4 Nc3 33. a5 Nb5 34. Rd7 Nd4 35. a6 Nb5 36. Rb7 1-0


[Site "https://www.chess.com"]

[Event "Titled Tuesday Blitz June 27 Late 2023"]
[White "Topalov, Aleksandar"]
[Black "Gardezi, Arsal"]
[WhiteFideId "925659"]
[BlackFideId "30949521"]
[WhiteElo "2376"]
[BlackElo "2177"]
[Result "0-1"]
[Round "5"]
[TimeControl "180+2"]
[Date "2023.06.27"]
[WhiteClock "0:01:29"]
[BlackClock "0:00:21"]
[Board "154"]

1. b3 b6 2. Bb2 Bb7 3. Nf3 Nf6 4. g3 e6 5. Bg2 Be7 6. O-O O-O 7. d3 d5 8. Nbd2 c5 9. e4 dxe4 10. Ng5 Nbd7 11. Ngxe4 Qc7 12. a4 Nxe4 13. dxe4 Bf6 14. Bxf6 Nxf6 15. Qe2 Rfd8 16. Nc4 a6 17. Rfd1 b5 18. axb5 axb5 19. Nd2 Rxa1 20. Rxa1 Bc6 21. Ra6 Qb7 22. Rxc6 Qxc6 23. e5 Qd7 24. exf6 Qxd2 25. Qg4 g6 26. Bf1 Qd4 27. Qf3 c4 28. bxc4 bxc4 29. c3 Qd5 30. Qf4 Qf5 31. Qxc4 Qxf6 32. Qc7 Kg7 33. c4 Rd2 34. Qc5 Rd1 35. Qe3 Qa1 36. Qe2 Re1 37. Qd3 Qd1 0-1


[Site "https://www.chess.com"]

[Event "Titled Tuesday Blitz June 27 Late 2023"]
[White "Cooper, Aaron"]
[Black "Bullen, Alex"]
[WhiteFideId "2634945"]
[BlackFideId "1801627"]
[WhiteElo "2174"]
[BlackElo "2274"]
[Result "1-0"]
[Round "5"]
[TimeControl "180+2"]
[Date "2023.06.27"]
[WhiteClock "0:00:17"]
[BlackClock "0:00:00"]
[Board "155"]

1. e4 c6 2. d4 d5 3. exd5 cxd5 4. Bd3 Nc6 5. c3 Qc7 6. Ne2 Bg4 7. O-O e6 8. Qe1 Bd6 9. f3 Bh5 10. Qh4 Bg6 11. Bxg6 fxg6 12. Bf4 Nf6 13. Bxd6 Qxd6 14. Nd2 O-O-O 15. Rfe1 e5 16. dxe5 Nxe5 17. Nd4 Rhe8 18. b4 Kb8 19. a4 Rc8 20. Nb5 Qb6+ 21. Kh1 Nd3 22. Rxe8 Rxe8 23. Qg3+ Re5 24. Rf1 Nh5 25. Qh4 a6 26. Nd4 Qf6 27. Qh3 Nhf4 28. Qd7 Rh5 29. g3 Nh3 30. Kg2 Ng5 31. f4 Ne4 32. Nxe4 dxe4 33. Qe8+ Ka7 34. Qxe4 Nb2 35. Qe3 Ka8 36. Re1 Nc4 37. Qe8+ Ka7 38. Re7 Qb6 39. Nc6+ Qxc6+ 40. Qxc6 1-0


[Site "https://www.chess.com"]

[Event "Titled Tuesday Blitz June 27 Late 2023"]
[White "NtcPou"]
[Black "Ward, Ieuan C"]
[BlackFideId "406627"]
[WhiteElo "1974"]
[BlackElo "2274"]
[Result "0-1"]
[Round "5"]
[TimeControl "180+2"]
[Date "2023.06.27"]
[WhiteClock "0:00:13"]
[BlackClock "0:00:33"]
[Board "156"]

1. e4 e5 2. Nf3 Nc6 3. Bc4 Nf6 4. d3 Bc5 5. O-O O-O 6. c3 d6 7. Re1 a6 8. Bb3 Ba7 9. Nbd2 Be6 10. Bc2 Re8 11. Nf1 h6 12. h3 Ne7 13. d4 Ng6 14. Ng3 b5 15. a4 bxa4 16. Bxa4 Bd7 17. Bc2 Qc8 18. Be3 Bb6 19. Qd2 exd4 20. Bxd4 Bxd4 21. cxd4 c5 22. e5 Nd5 23. exd6 cxd4 24. Bxg6 fxg6 25. Qxd4 Qb7 26. Ne5 Re6 27. Nxd7 Rxe1+ 28. Rxe1 Rd8 29. Nc5 Qc6 30. Nxa6 Rxd6 31. Nb8 Qb5 32. Ne4 Re6 33. Qa7 Qb4 34. Re2 Rxe4 35. Rxe4 Qxe4 36. Qd7 Nf4 37. Qg4 Qe1+ 38. Kh2 Qxf2 39. Nd7 Ne2 40. Ne5 Qg1# 0-1


[Site "https://www.chess.com"]

[Event "Titled Tuesday Blitz June 27 Late 2023"]
[White "Allam, Yara"]
[Black "Pert, Richard G"]
[WhiteFideId "10615709"]
[BlackFideId "404748"]
[WhiteElo "2068"]
[BlackElo "2524"]
[Result "0-1"]
[Round "5"]
[TimeControl "180+2"]
[Date "2023.06.27"]
[WhiteClock "0:00:15"]
[BlackClock "0:00:19"]
[Board "157"]

1. e4 c5 2. Nf3 Nc6 3. d4 cxd4 4. Nxd4 g6 5. Nc3 Bg7 6. Be3 Nf6 7. Nxc6 bxc6 8. e5 Ng8 9. f4 Nh6 10. Qd2 O-O 11. O-O-O Qa5 12. h3 d6 13. g4 dxe5 14. f5 Nxf5 15. gxf5 Bxf5 16. Bg2 Rab8 17. a3 e4 18. Bd4 Rfd8 19. Qe3 Rxd4 20. Rxd4 Qb6 21. Na4 Qxd4 22. Qxd4 Bxd4 23. Re1 Bf2 24. Re2 e3 25. Nc3 Bc8 26. Bf1 Rb6 27. Na4 Rb8 28. Nc5 Rb5 29. b4 Be6 30. Nd3 Bc4 31. Kb2 Bxd3 32. cxd3 Rg5 33. Kc3 Rg1 0-1


[Site "https://www.chess.com"]

[Event "Titled Tuesday Blitz June 27 Late 2023"]
[White "Sai Han Thiha"]
[Black "Cardenas Carbajal, Nilson"]
[WhiteFideId "13012290"]
[BlackFideId "8401128"]
[WhiteElo "2484"]
[BlackElo "2114"]
[Result "1-0"]
[Round "5"]
[TimeControl "180+2"]
[Date "2023.06.27"]
[WhiteClock "0:00:20"]
[BlackClock "0:00:00"]
[Board "158"]

1. d4 Nf6 2. c4 g6 3. Nc3 d5 4. Nf3 Bg7 5. Qb3 dxc4 6. Qxc4 a6 7. e4 b5 8. Qb3 O-O 9. Be2 Bb7 10. e5 Nd5 11. Ne4 Nd7 12. O-O c5 13. Nxc5 Nxc5 14. dxc5 Qc7 15. e6 fxe6 16. a4 b4 17. Re1 Qxc5 18. Bg5 Rf5 19. Rac1 Qd6 20. Bd3 Rf7 21. Be4 Raf8 22. Rcd1 a5 23. Bh4 Qc5 24. Bg3 Bc6 25. Rd2 Qb6 26. Rc1 Bb7 27. Ng5 Rf6 28. Bf3 h6 29. Ne4 Rxf3 30. gxf3 g5 31. Nc5 Bc8 32. Re2 Nf4 33. Bxf4 Rxf4 34. Nxe6 Bxe6 35. Qxe6+ Qxe6 36. Rxe6 Bf6 37. Kg2 h5 38. Re4 Rf5 39. b3 g4 40. fxg4 hxg4 41. Rxg4+ 1-0


[Site "https://www.chess.com"]

[Event "Titled Tuesday Blitz June 27 Late 2023"]
[White "Winkels, Marcel"]
[Black "nicolasulaneobelassi"]
[WhiteFideId "1003887"]
[WhiteElo "2084"]
[BlackElo "2424"]
[Result "0-1"]
[Round "5"]
[TimeControl "180+2"]
[Date "2023.06.27"]
[WhiteClock "0:00:00"]
[BlackClock "0:00:39"]
[Board "159"]

1. e4 e5 2. Nc3 Nf6 3. f4 d5 4. fxe5 Nxe4 5. Nf3 Nc6 6. d4 Nxc3 7. bxc3 f6 8. exf6 Qxf6 9. Bd3 Qe7+ 10. Kf2 Be6 11. Re1 O-O-O 12. Bg5 Qf7 13. Bxd8 Nxd8 14. Kg1 Bd6 15. Qe2 Qh5 16. h3 Rf8 17. Ne5 Qh4 18. Rf1 Re8 19. Rae1 Bd7 20. Qf2 Qxf2+ 21. Rxf2 Nc6 22. Nf3 Rd8 23. Rfe2 Bg3 24. Rf1 g6 25. Ne5 Nxe5 26. dxe5 Be6 27. Rf3 Bh4 28. g3 Be7 29. Kg2 c5 30. Ref2 Kd7 31. g4 a6 32. a4 Ke8 33. Kg3 Rc8 34. h4 Rc6 35. Be2 Rb6 36. Rf1 Rb2 37. Rc1 Bd8 38. Bd3 Bc7 39. Kf4 b5 40. axb5 axb5 41. Ra1 b4 42. Ra8+ Ke7 43. cxb4 Rxb4+ 0-1


[Site "https://www.chess.com"]

[Event "Titled Tuesday Blitz June 27 Late 2023"]
[White "Kujawski, Adam"]
[Black "Gyulamiryan-koryun"]
[WhiteFideId "1100920"]
[WhiteElo "2336"]
[BlackElo "2083"]
[Result "1-0"]
[Round "5"]
[TimeControl "180+2"]
[Date "2023.06.27"]
[WhiteClock "0:01:14"]
[BlackClock "0:00:00"]
[Board "160"]

1. e4 e5 2. Nf3 Nc6 3. Bb5 a6 4. Ba4 Nf6 5. O-O Be7 6. Re1 b5 7. Bb3 O-O 8. h3 d6 9. c3 d5 10. exd5 Nxd5 11. Nxe5 Nxe5 12. Rxe5 c6 13. d4 Bd6 14. Re1 a5 15. Qf3 a4 16. Bxd5 cxd5 17. Bf4 Be6 18. Bxd6 Qxd6 19. a3 Rac8 20. Nd2 g6 21. Qg3 Qd7 22. Nf3 f6 23. Re2 Bf5 24. Rae1 Rf7 25. Nh4 Be4 26. f3 Bd3 27. Re3 Bc4 28. f4 f5 29. Nf3 Rc7 30. Ne5 Qd8 31. Nxf7 Kxf7 32. Re5 Qf8 33. Qe3 h6 34. Re8 Qd6 35. Re6 Qf8 36. Qe5 Rd7 37. Rf6+ Kg8 38. Rxf8+ Kxf8 39. Qe8+ Kg7 40. Qxd7+ 1-0


[Site "https://www.chess.com"]

[Event "Titled Tuesday Blitz June 27 Late 2023"]
[White "Li, Eric"]
[Black "Blackwhite017"]
[WhiteFideId "30939941"]
[WhiteElo "2254"]
[BlackElo "2078"]
[Result "1-0"]
[Round "5"]
[TimeControl "180+2"]
[Date "2023.06.27"]
[WhiteClock "0:01:47"]
[BlackClock "0:00:07"]
[Board "161"]

1. e4 c5 2. Nf3 d6 3. d4 cxd4 4. Nxd4 Nf6 5. Nc3 g6 6. Be3 Bg7 7. f3 O-O 8. Qd2 Nc6 9. O-O-O d5 10. Nxc6 bxc6 11. Qe1 e5 12. exd5 Nxd5 13. Bc4 Be6 14. Bb3 Re8 15. Ne4 Qb8 16. Bc5 a5 17. Bd6 Qb6 18. Bc5 Qb8 19. a4 Rd8 20. Qh4 f5 21. Ng5 1-0


[Site "https://www.chess.com"]

[Event "Titled Tuesday Blitz June 27 Late 2023"]
[White "Bongo Akanga Ndjila, Barthelemy"]
[Black "Shubin, Daniel"]
[WhiteFideId "10609431"]
[BlackFideId "30936470"]
[WhiteElo "2071"]
[BlackElo "2244"]
[Result "1-0"]
[Round "5"]
[TimeControl "180+2"]
[Date "2023.06.27"]
[WhiteClock "0:00:07"]
[BlackClock "0:01:26"]
[Board "162"]

1. d4 d5 2. Nf3 Nf6 3. Bg5 e6 4. e3 Nbd7 5. c3 Be7 6. Nbd2 O-O 7. a4 c6 8. Bd3 b6 9. O-O a5 10. Re1 Ba6 11. Qe2 Bxd3 12. Qxd3 c5 13. e4 Nxe4 14. Bxe7 Qxe7 15. Nxe4 dxe4 16. Rxe4 Nf6 17. Rh4 Rfd8 18. Ne5 cxd4 19. cxd4 Qb4 20. Ng4 Nxg4 21. Qxh7+ Kf8 22. Rxg4 Qxb2 23. Qxg7+ Ke8 24. Qg8+ Ke7 25. Qg5+ Ke8 26. Qg8+ Ke7 27. Qg5+ Kd7 28. Rd1 Rac8 29. d5 e5 30. d6 Qe2 31. Qe7+ Kc6 32. Rc1+ Kd5 33. Qxf7+ Kxd6 34. Rg6# 1-0


[Site "https://www.chess.com"]

[Event "Titled Tuesday Blitz June 27 Late 2023"]
[White "Vila Dupla, Aurelio"]
[Black "Vasquez Garrido, Nuremberg"]
[WhiteFideId "2203383"]
[BlackFideId "4432118"]
[WhiteElo "2190"]
[BlackElo "2058"]
[Result "1-0"]
[Round "5"]
[TimeControl "180+2"]
[Date "2023.06.27"]
[WhiteClock "0:01:04"]
[BlackClock "0:00:33"]
[Board "163"]

1. Nf3 Nf6 2. d4 g6 3. g3 Bg7 4. Bg2 O-O 5. O-O d5 6. c4 c6 7. cxd5 cxd5 8. Nc3 a6 9. Ne5 Nc6 10. Nxc6 bxc6 11. Na4 Rb8 12. b3 Nd7 13. Ba3 Nb6 14. Nxb6 Rxb6 15. Qd2 Re8 16. Rfc1 Bd7 17. Bc5 Rb5 18. Rc3 h5 19. h4 Kh7 20. Rac1 e5 21. dxe5 Rxe5 22. Bd4 Re7 23. Bxg7 Kxg7 24. Qd4+ Kg8 25. e3 Be8 26. e4 Rd7 27. exd5 cxd5 28. Rc8 Qe7 29. Kf1 Rbb7 30. Re1 1-0


[Site "https://www.chess.com"]

[Event "Titled Tuesday Blitz June 27 Late 2023"]
[White "Waldo Zalapa, Alejandro"]
[Black "Ottosen, David"]
[WhiteFideId "5106109"]
[BlackFideId "2603080"]
[WhiteElo "2161"]
[BlackElo "2028"]
[Result "1-0"]
[Round "5"]
[TimeControl "180+2"]
[Date "2023.06.27"]
[WhiteClock "0:01:47"]
[BlackClock "0:02:14"]
[Board "164"]

1. e4 e6 2. d4 d5 3. exd5 exd5 4. Nf3 Nc6 5. Bd3 Bg4 6. c3 Bd6 7. Be3 Qd7 8. Nbd2 O-O-O 9. O-O Nge7 10. b4 f5 11. Bg5 h6 12. Bxe7 Nxe7 13. Qc2 Kb8 14. Rfe1 g5 15. Ne5 Bxe5 16. Rxe5 Ng6 17. Bxf5 Bxf5 18. Rxf5 Nf4 19. Re1 Rdg8 20. Nf3 g4 21. Ne5 Qh7 22. Nf7 Rf8 23. Nxh8 Rxh8 24. Rf8+ 1-0


[Site "https://www.chess.com"]

[Event "Titled Tuesday Blitz June 27 Late 2023"]
[White "Alberto, Manuel"]
[Black "Hartikainen, Jarmo"]
[WhiteFideId "10100148"]
[BlackFideId "503134"]
[WhiteElo "2001"]
[BlackElo "2152"]
[Result "1/2-1/2"]
[Round "5"]
[TimeControl "180+2"]
[Date "2023.06.27"]
[WhiteClock "0:00:39"]
[BlackClock "0:00:03"]
[Board "165"]

1. e4 c5 2. Nf3 Nc6 3. Bb5 e6 4. Bxc6 bxc6 5. O-O Ne7 6. Re1 Ng6 7. d3 Be7 8. Nbd2 Qc7 9. e5 f6 10. exf6 gxf6 11. a4 d5 12. Nf1 h5 13. g3 Bd6 14. Ne3 Kf7 15. Ng2 h4 16. Nfxh4 Nxh4 17. Nxh4 Bd7 18. Nf3 Rag8 19. Kg2 e5 20. Ng1 Bf5 21. Qf3 Qd7 22. Bd2 Bg4 23. Qe3 d4 24. Qe4 f5 25. Qxe5 Bxe5 26. Rxe5 Re8 27. Rxc5 f4 28. Bxf4 Bh3+ 29. Kh1 Re6 30. f3 Reh6 31. Bxh6 Rxh6 32. Re1 Be6 33. Rce5 Kf8 34. h4 Rf6 35. Kg2 Kg7 36. f4 Bd5+ 37. Kf2 Rf7 38. Nh3 Qb7 39. b3 Qd7 40. Ng5 Qg4 41. R1e2 Rb7 42. Re7+ Rxe7 43. Rxe7+ Kf6 44. Re2 Qd7 45. Re5 Qg4 46. Re8 Qd1 47. Re2 Qc1 48. h5 Qh1 49. g4 Qg2+ 50. Ke1 Qxg4 51. h6 Kg6 52. h7 Kg7 53. Re8 Qg3+ 54. Kd1 Qg1+ 55. Ke2 Qg2+ 56. Ke1 Qg1+ 57. Ke2 Qg2+ 58. Ke1 Qg1+ 59. Ke2 1/2-1/2


[Site "https://www.chess.com"]

[Event "Titled Tuesday Blitz June 27 Late 2023"]
[White "Sainz Aguirre, Ignacio"]
[Black "Brown, Raehanna"]
[WhiteFideId "5101727"]
[BlackFideId "7402740"]
[WhiteElo "1972"]
[BlackElo "2139"]
[Result "0-1"]
[Round "5"]
[TimeControl "180+2"]
[Date "2023.06.27"]
[WhiteClock "0:00:28"]
[BlackClock "0:00:18"]
[Board "166"]

1. e4 c5 2. Nf3 Nc6 3. Bb5 g6 4. Bxc6 bxc6 5. O-O Bg7 6. d3 e5 7. Nc3 Ne7 8. Be3 d6 9. h3 O-O 10. Qd2 f5 11. Bh6 f4 12. Bxg7 Kxg7 13. Ne2 Rb8 14. c3 Qa5 15. Rfb1 Ba6 16. b4 cxb4 17. cxb4 Qb5 18. Rb3 h6 19. a4 Qb6 20. Nc3 Ng8 21. b5 cxb5 22. axb5 Bb7 23. Rba3 Ra8 24. d4 Rfd8 25. d5 Nf6 26. Qb2 Nd7 27. Qb4 Nc5 28. Nd2 Nd3 29. Qb1 Qxf2+ 30. Kh1 Qxd2 31. Rxa7 Rxa7 32. Rxa7 Qxc3 33. Rxb7+ Kg8 34. Qd1 Nf2+ 0-1


[Site "https://www.chess.com"]